 Dungeon Crawl Stone Soup version 0.29.1-12-g30fa7ad0bf (webtiles) character file.

Game seed: 16481999512958643390

49 xzight the Grasshopper (level 3, 0/31 HPs)
             Began as a Gnoll Warper on Dec 30, 2022.
             Slain by a worm (10 damage)
             ... on level 3 of the Dungeon.
             The game lasted 00:01:22 (1359 turns).

xzight the Grasshopper (Gnoll Warper)               Turns: 1359, Time: 00:01:23

Health: 0/31       AC:  3    Str: 10    XL:     3   Next: 77%
Magic:  9/9        EV: 12    Int: 14    God:
Gold:   111        SH:  0    Dex: 11    Spells: 12/12 levels left

rFire   . . .      SeeInvis .   a - +0 spear
rCold   . . .      Faith    .   (no shield)
rNeg    . . .      Spirit   .   b - +0 leather armour
rPois   .          Reflect  .   (no helmet)
rElec   .          Harm     .   (no cloak)
rCorr   .          Rampage  .   (no gloves)
Will    .....                   (no boots)
Stlth   +.........              f - amulet of the acrobat
HPRegen 0.10/turn               (no ring)
MPRegen 0.11/turn               (no ring)

@: no status effects
A: fangs 1, strong nose, distributed training
a: no special abilities


You were on level 3 of the Dungeon.
You visited 1 branch of the dungeon, and saw 3 of its levels.

You collected 111 gold pieces.


Innate Abilities, Weirdness & Mutations

You have very sharp teeth.
Your uncanny sense of smell can sniff out nearby items.
Your experience applies equally to all skills.


   Skills:
 + Level 4.6 Fighting
 + Level 1.0 Short Blades
 + Level 1.0 Long Blades
 + Level 1.0 Axes
 + Level 1.0 Maces & Flails
 + Level 4.6 Polearms
 + Level 1.0 Staves
 + Level 1.0 Ranged Weapons
 + Level 2.6 Throwing
 + Level 2.6 Armour
 + Level 4.6 Dodging
 + Level 1.0 Stealth
 + Level 1.0 Shields
 + Level 1.0 Unarmed Combat
 + Level 5.0 Spellcasting
 + Level 0.7 Conjurations
 + Level 0.7 Hexes
 + Level 0.7 Summonings
 + Level 0.7 Necromancy
 + Level 5.4 Translocations
 + Level 0.7 Transmutations
 + Level 0.7 Fire Magic
 + Level 0.7 Ice Magic
 + Level 0.7 Air Magic
 + Level 0.7 Earth Magic
 + Level 0.7 Poison Magic
 + Level 1.0 Invocations
 + Level 1.0 Evocations


You had 12 spell levels left.
You didn't know any spells.
Your spell library contained the following spells:

 Spells                   Type           Power      Damage    Failure   Level
 Blink                    Tloc           36%        N/A       3%          2
 Gell's Gravitas          Tloc           18%        N/A       8%          3
 Lesser Beckoning         Tloc           18%        N/A       8%          3
 Teleport Other           Tloc           18%        N/A       8%          3
 Manifold Assault         Tloc           18%        N/A       56%         5

Inventory:

Hand Weapons
 a - a +0 spear (weapon)
Missiles
 d - 7 boomerangs of dispersal (quivered) {=f}
Armour
 b - a +0 leather armour (worn)
Jewellery
 f - an amulet of the acrobat (around neck)
Scrolls
 c - a scroll of blinking
 e - a scroll of teleportation {unknown}
 h - 3 scrolls of identify {unknown}
 i - a scroll of enchant armour {unknown}
Potions
 g - a potion of resistance {unknown}
 j - a potion of lignification {unknown}
 k - a potion of heal wounds {unknown}
 l - a potion of cancellation {unknown}

Dungeon Overview and Level Annotations

Branches:
Dungeon (3/15)

Altars:

#....... .# #...w..# .#
#...#g.# .. ##...#.># .#
....#..# .#
#######..#..# .####.#
.........#.g#####.......
..............#........
##.....#..##.#@#######
#.#...#..##.w.#
#...).#..######
##.#..#### #.#..# #.#..#
#.#..######## #
#.#..........
#รท#.##.########


You could see a worm.


Message History

The goblin hits you but does no damage.
You closely miss the goblin.
The goblin is heavily wounded.
The goblin hits you but does no damage.
You hit the goblin.
The goblin is severely wounded.
The goblin barely misses you.
You barely miss the goblin.
The goblin is severely wounded.
The goblin closely misses you.
You closely miss the goblin.
The goblin is severely wounded.
You hit the goblin.
You kill the goblin!
The worm misses you.
You see here a +0 dagger.
You barely miss the worm. You hit the worm.
The worm is lightly wounded.
The worm completely misses you.
You completely miss the worm. You hit the worm. You bite the worm.
The worm is moderately wounded.
The worm bites you but does no damage.
You hit the worm but do no damage.
The worm is lightly wounded.
You hit the worm.
The worm is moderately wounded.
The worm bites you!
You die...

Skill      XL: |  1  2  3 |
---------------+----------+-----
Spellcasting   | 5 |  5.0
Invocations    | 1 |  1.0
Short Blades   | 1 |  1.0
Long Blades    | 1 |  1.0
Axes           | 1 |  1.0
Maces & Flails | 1 |  1.0
Staves         | 1 |  1.0
Ranged Weapons | 1 |  1.0
Stealth        | 1 |  1.0
Shields        | 1 |  1.0
Unarmed Combat | 1 |  1.0
Evocations     | 1 |  1.0
Fighting       | |  4.6
Polearms       | |  4.6
Throwing       | |  2.6
Armour         | |  2.6
Dodging        | |  4.6
Conjurations   | |  0.7
Hexes          | |  0.7
Summonings     | |  0.7
Necromancy     | |  0.7
Translocations | |  5.4
Transmutations | |  0.7
Fire Magic     | |  0.7
Ice Magic      | |  0.7
Air Magic      | |  0.7
Earth Magic    | |  0.7
Poison Magic   | |  0.7

Action                   || total
-------------------------++-------
Melee: Spear             ||   120
       Bite              ||    11
 Stab: Sleeping          ||     2
Armor: Leather armour    ||    12
Dodge: Dodged            ||    44

Levels and vault maps discovered:
D:1:      dpeg_arrival_round_a, layout_basic,
          dreamdust_ecumenical_altar_statues, corner_web_ring
D:2:      layout_basic, small_statue_intersection,
          chequers_serial_rivers_room_b, chequers_arboretum,
          reono_crystal_passage
D:3:      layout_loops_ring, portal_sewer_entry_f,
          wander_ebering_terrifying_dragon_lair

Notes
Turn   | Place    | Note
-------+----------+-------------------------------------------
     0 | D:1      | xzight the Gnoll Warper began the quest for the Orb.
     0 | D:1      | Reached XP level 1. HP: 20/20 MP: 6/6
   224 | D:1      | Reached XP level 2. HP: 26/26 MP: 7/7
   635 | D:1      | Found a faded altar of an unknown god.
  1028 | D:2      | You fall into a shaft and drop 1 floor!
  1058 | D:3      | Reached skill level 5 in Spellcasting
  1058 | D:3      | Reached XP level 3. HP: 14/31 MP: 7/9
  1248 | D:3      | Reached skill level 1 in Invocations
  1300 | D:3      | Reached skill level 1 in Short Blades
  1300 | D:3      | Reached skill level 1 in Long Blades
  1300 | D:3      | Reached skill level 1 in Axes
  1300 | D:3      | Reached skill level 1 in Maces & Flails
  1300 | D:3      | Reached skill level 1 in Staves
  1300 | D:3      | Reached skill level 1 in Ranged Weapons
  1300 | D:3      | Reached skill level 1 in Stealth
  1300 | D:3      | Reached skill level 1 in Shields
  1300 | D:3      | Reached skill level 1 in Unarmed Combat
  1300 | D:3      | Reached skill level 1 in Evocations
  1359 | D:3      | Slain by a worm

Vanquished Creatures
  2 adders (D:3)
  3 dart slugs
  3 ball pythons (D:1)
  4 endoplasms
  A hobgoblin (D:1)
  4 kobolds (D:1)
  A quokka (D:1)
  A frilled lizard (D:3)
  4 goblins
  4 rats
27 creatures vanquished.

Table legend: (Time is in decaauts)
 A = Elapsed time spent in this place.
 B = Non-inter-level travel time spent in this place.
 C = Inter-level travel time spent in this place.
 D = Time resting spent in this place.
 E = Time spent auto-exploring this place.
 F = Levels seen in this place.
 G = Mean time per level.
                   A        B        C        D        E       F      G
               +--------+--------+--------+--------+--------+-----+--------+
         Total |   1342 |   1308 |     34 |     77 |   1003 |   3 |  447.3 |
       Dungeon |   1342 |   1308 |     34 |     77 |   1003 |   3 |  447.3 |
               +--------+--------+--------+--------+--------+-----+--------+

Top non-repeatable levels by time:
     D:1: 902 daAuts
     D:3: 321 daAuts
     D:2: 118 daAuts

Table legend:
 A = Non-vault XP
 B = Vault XP
 C = Vault XP percentage of total XP
 D = Non-vault monster count
 E = Vault monster count
 F = Vault count percentage of total count
                 A         B        C        D         E       F
            +---------+---------+-------+---------+---------+-------
      Total |      71 |       0 |   0.0 |      27 |       0 |   0.0
            +---------+---------+-------+---------+---------+-------
        D:1 |      24 |       0 |   0.0 |      15 |       0 |   0.0
        D:2 |       6 |       0 |   0.0 |       2 |       0 |   0.0
        D:3 |      41 |       0 |   0.0 |      10 |       0 |   0.0
            +---------+---------+-------+---------+---------+-------
